 Dungeon Crawl Stone Soup version 0.20.1-1-g8b1a95d (webtiles) character file.

95 Kingsmith the Shield-Bearer (level 4, 0/35 HPs)
             Began as a Formicid Fighter on Dec 11, 2017.
             Slain by a centaur (3 damage)
             ... on level 3 of the Dungeon.
             The game lasted 00:02:27 (3081 turns).

Kingsmith the Shield-Bearer (Formicid Fighter)      Turns: 3081, Time: 00:02:28

Health: 0/35       AC:  6    Str: 27    XL:     4   Next: 97%
Magic:  4/4        EV: 10    Int:  7    God:
Gold:   135        SH:  0    Dex: 10    Spells: 3/3 levels left

rFire    . . .     SeeInvis +     - Unarmed
rCold    . . .     Gourm    .   (no shield)
rNeg     . . .     Faith    .   a - +0 scale mail
rPois    .         Spirit   .   (helmet unavailable)
rElec    .         Reflect  .   (no cloak)
rCorr    .         Harm     .   (no gloves)
MR       .....                  (no boots)
Stlth    ..........             (no amulet)
Regen    0.2/turn               (no ring)
MPRegen  0.1/turn               (no ring)

@: mighty
A: permanent stasis, dig shafts and tunnels, four strong arms, antennae 3
a: Dig, Shaft Self


You were on level 3 of the Dungeon.
You were not hungry.

You visited 1 branch of the dungeon, and saw 3 of its levels.

You collected 135 gold pieces.

Inventory:

Hand Weapons
 k - a +2 whip of venom
Armour
 a - a +0 scale mail (worn)
 b - a +0 shield
 z - a +0 shield
Jewellery
 f - a cursed ring of teleportation {unknown}
 p - an uncursed amulet of guardian spirit {unknown}
 v - an uncursed ring of wizardry {unknown}
 y - a +3 ring of dexterity {unknown}
Scrolls
 e - 2 scrolls of amnesia {unknown}
 h - a scroll of enchant weapon {unknown}
 l - a scroll of fog {unknown}
 m - a scroll of teleportation {unknown}
 n - a scroll of blinking {unknown}
 o - 2 scrolls of immolation {unknown}
 q - a scroll of noise {unknown}
 r - 2 scrolls of identify {unknown}
 t - a scroll of remove curse {unknown}
Potions
 c - a potion of might
 g - 3 potions of curing {unknown}
 j - a potion of flight {unknown}
 s - 2 potions of heal wounds {unknown}
 u - a potion of lignification {unknown}
Books
 x - a book of Cantrips

   Spells                             Type                      Level
   a - Confusing Touch                Hexes                        1
   b - Animate Skeleton               Necromancy                   1
   c - Summon Small Mammal            Summoning                    1
   d - Apportation                    Translocation                1
Comestibles
 d - 3 bread rations
 i - a royal jelly
 w - a meat ration


   Skills:
 - Level 3.2 Fighting
 - Level 3.2 Armour
 + Level 6.3 Shields
 - Level 2.0 Unarmed Combat


You had 3 spell levels left.
You didn't know any spells.

Dungeon Overview and Level Annotations

Branches:
Dungeon (3/15)

Altars:
Elyvilon


Innate Abilities, Weirdness & Mutations

You cannot be hasted, slowed, berserked, paralysed or teleported.
You can dig through walls and to a lower floor.
Your four strong arms can wield two-handed weapons with a shield.
You have a pair of large antennae on your head. (SInv)


Message History

You closely miss the centaur.
The centaur is moderately wounded.
The centaur hits you but does no damage.
You hit the centaur but do no damage.
The centaur is moderately wounded.
The centaur completely misses you. The centaur barely misses you.
You feel very mighty all of a sudden. The centaur barely misses you.
You closely miss the centaur.
The centaur is moderately wounded.
The centaur barely misses you.
You barely miss the centaur.
The centaur is moderately wounded.
The centaur hits you but does no damage.
The centaur hits you.
* * * LOW HITPOINT WARNING * * *
You hit the centaur.
The centaur is severely wounded.
The centaur hits you.
You die...

##.##.# ##.##.# ##
##.##.# .. ......#
.# ##.#### .#
##.#### .#
......######## .#
##.##†#......####c#
#.##...#.......@.#
#......#.##.######
####.....##.#
#.#.####.# ..#.#
#.# ####.. ..# ####
###


You could see a centaur.

Vanquished Creatures
  3 adders
  An ooze (D:1)
  2 dart slugs
  2 leopard geckos (D:1)
  8 bats
  4 giant cockroaches
  5 goblins
  11 hobgoblins
  A quokka (D:3)
  3 ball pythons (D:1)
  6 frilled lizards
  5 kobolds
  3 rats
54 creatures vanquished.

Notes
Turn   | Place    | Note
-------+----------+-------------------------------------------
     0 | D:1      | Kingsmith the Formicid Fighter began the quest for the Orb.
     0 | D:1      | Reached XP level 1. HP: 18/18 MP: 1/1
   106 | D:1      | Reached skill level 4 in Shields
   109 | D:1      | Reached XP level 2. HP: 5/24 MP: 2/2
   649 | D:1      | Reached XP level 3. HP: 24/29 MP: 3/3
   661 | D:1      | Reached skill level 5 in Shields
  1429 | D:2      | Reached XP level 4. HP: 31/35 MP: 4/4
  2045 | D:2      | Found a white marble altar of Elyvilon.
  2149 | D:2      | Reached skill level 6 in Shields
  3070 | D:3      | Noticed a centaur
  3081 | D:3      | Slain by a centaur

Skill      XL: |  1  2  3  4 |
---------------+-------------+-----
Shields        | 4 5 6 |  6.3
Fighting       | |  3.2
Armour         | |  3.2
Unarmed Combat | |  2.0

Action                   |  1- 3 |  4- 6 || total
-------------------------+-------+-------++-------
Melee: Unarmed           |   141 |   139 ||   280
       Punch             |     5 |       ||     5
  Use: Potion            |       |     1 ||     1
  Eat: Chunk             |     1 |     6 ||     7
Armor: Scale mail        |    82 |    67 ||   149
Dodge: Dodged            |    86 |    78 ||   164
